 Dungeon Crawl Stone Soup version 0.22.0-6-g71bd7aa (webtiles) character file.

975 letownia2 the Insei (level 7, -2/50 HPs)
             Began as a Demonspawn Transmuter on Aug 15, 2018.
             Slain by Duvessa
             ... wielding a +0 short sword
              (10 damage)
             ... on level 4 of the Dungeon.
             The game lasted 00:19:58 (2793 turns).

letownia2 the Insei (Demonspawn Transmuter)         Turns: 2793, Time: 00:19:59

Health: -2/50      AC:  6    Str: 11    XL:     7   Next: 95%
Magic:  9/10       EV:  9    Int: 15    God:
Gold:   317        SH:  5    Dex: 14    Spells: 1/10 levels left

rFire    . . .     SeeInvis .     - Unarmed
rCold    . . .     Gourm    .   (no shield)
rNeg     + . .     Faith    .   E - +0 scale mail
rPois    .         Spirit   .   m - +0 hat
rElec    .         Reflect  +   (no cloak)
rCorr    .         Harm     .   (no gloves)
MR       .....                  (no boots)
Stlth    ..........             F - amulet "Cuem" {Reflect +Fly rN+ SH+5}
HPRegen  0.16/turn              (no ring)
MPRegen  0.12/turn              (no ring)

@: no status effects
A: hooves 1, spiny 3
a: Evoke Flight


You were on level 4 of the Dungeon.
You were not hungry.

You visited 1 branch of the dungeon, and saw 5 of its levels.
You also visited: Ossuary.

You collected 317 gold pieces.

Inventory:

Hand Weapons
 g - a cursed -2 hunting sling
 v - a +0 hunting sling
 D - a +0 shortbow
Missiles
 a - 73 arrows
 y - 18 poisoned needles
 A - 35 sling bullets
 K - 5 javelins (quivered)
Armour
 b - a +0 robe
 m - a +0 hat (worn)
 n - a +0 ring mail
 E - a +0 scale mail (worn)
Jewellery
 p - an uncursed amulet of faith
 t - an uncursed amulet of the gourmand
 F - the amulet "Cuem" (around neck) {Reflect +Fly rN+ SH+5}
   (You found it on level 5 of the Dungeon)

   [amulet of reflection]

   It shields you and reflects attacks.
   It protects you from negative energy.
   It lets you fly.
   It affects your SH (+5).
 J - an uncursed amulet of rage
Scrolls
 c - 2 scrolls of blinking
 e - a scroll of fear
 f - a scroll of noise {unknown}
 i - 2 scrolls of amnesia {unknown}
 k - 2 scrolls of identify {unknown}
 l - 2 scrolls of magic mapping {unknown}
 o - 3 scrolls of teleportation {unknown}
 u - 2 scrolls of enchant weapon {unknown}
 x - a scroll of enchant armour {unknown}
 z - a scroll of remove curse {unknown}
Potions
 h - 4 potions of curing
 j - 2 potions of degeneration {unknown}
 q - 3 potions of lignification {unknown}
 r - 2 potions of heal wounds
 s - 2 potions of flight {unknown}
 w - a potion of resistance {unknown}
 B - a potion of haste {unknown}
 C - 2 potions of cancellation {unknown}
 G - a potion of berserk rage {unknown}
 H - a potion of brilliance {unknown}
Comestibles
 d - 7 rations
 I - 5 chunks of flesh


   Skills:
 - Level 2.2 Fighting
 + Level 2.7 Armour
 - Level 2.0 Dodging
 - Level 7.3 Unarmed Combat
 - Level 2.3 Spellcasting
 - Level 1.5 Conjurations
 - Level 2.6 Transmutations
 - Level 0.4 Air Magic
 - Level 0.4 Poison Magic


You had one spell level left.
You knew the following spells:

 Your Spells              Type           Power        Failure   Level  Hunger
a - Beastly Appendage     Tmut           #.....       38%         1    #......
e - Mephitic Cloud        Conj/Pois/Air  #.......     95%         3    ###....
l - Sticks to Snakes      Tmut           #.......     52%         2    ###....
p - Spider Form           Tmut/Pois      #.........   88%         3    ###....

Your spell library contained the following spells:

 Spells                   Type           Power        Failure   Level  Hunger
 Magic Dart               Conj           #...         54%         1    #......
 Conjure Flame            Conj/Fire      #.......     95%         3    ###....
 Slow                     Hex            #.......     88%         2    ###....
 Blink                    Tloc           N/A          88%         2    ###....
 Call Imp                 Summ           #.......     88%         2    ###....
 Blade Hands              Tmut           #.........   100%        5    ######.
 Ice Form                 Ice/Tmut       #.......     100%        4    #####..


Dungeon Overview and Level Annotations

Branches:
Dungeon (5/15)
 Temple: D:4-7

Altars:
Qazlal
Yredelemnul
Zin

Annotations:
D:4 Duvessa


Innate Abilities, Weirdness & Mutations

You have large cloven feet.
You are completely covered in sharp spines.


Message History

Your ball python constricts Duvessa.
Unknown command.
You hit Duvessa but do no damage.
Duvessa is almost dead.
You block Duvessa's attack.
Your ball python bites Duvessa but does no damage.
Your ball python constricts Duvessa.
Duvessa hits you with a short sword!
* * * LOW HITPOINT WARNING * * *
Unknown command.
You feel better.
Your ball python bites Duvessa but does no damage.
Your ball python constricts Duvessa.
Duvessa misses your ball python.
You catch the helpless Duvessa completely off-guard!
You hit Duvessa but do no damage.
Duvessa is almost dead.
Duvessa hits you with a short sword.
* * * LOW HITPOINT WARNING * * *
Your ball python bites Duvessa but does no damage.
Your ball python constricts Duvessa.
Duvessa hits you with a short sword!
You die...

## .# .# ..#
.# ..# #. ##.#
$.. #..###..
.#.
###.....######
...
.......Se@<..#
#...
.....#######.#
#.. ### #.#
#.. #########
#.# ...
........# #.#
#.# #.# #.#
#.#########.#
#.#
............#
#.#
#.###########
#.#


You could see Duvessa (berserk) and a friendly ball python.

Vanquished Creatures
  A centaur (D:4)
  Dowan (D:4)
  5 scorpions (Ossuary)
  A crimson imp (D:5)
  A centaur zombie (Ossuary)
  2 human zombies (Ossuary)
  A bullfrog skeleton (D:5)
  A hound (D:3)
  2 orc priests
  2 orc wizards (D:5)
  A worker ant (D:4)
  A big kobold zombie (Ossuary)
  2 mummies (Ossuary)
  A worker ant zombie (D:5)
  3 gnolls (D:3)
  6 adders
  2 scorpion zombies (Ossuary)
  5 shadow imps
  An ooze (D:1)
  2 worms
  A dart slug (D:1)
  5 leopard geckos
  6 orcs
  3 bats
  A giant cockroach (D:4)
  A gnoll zombie (Ossuary)
  3 goblins
  7 hobgoblins
  10 kobolds
  A quokka (D:2)
  2 ball pythons (D:2)
  6 frilled lizards
  2 hobgoblin zombies (Ossuary)
  4 kobold zombies (Ossuary)
  A leopard gecko skeleton (D:4)
  3 orc zombies (Ossuary)
  3 rats
100 creatures vanquished.

Vanquished Creatures (others)
  A scorpion (Ossuary)
  A mummy (Ossuary)
2 creatures vanquished.

Grand Total: 102 creatures vanquished

Notes
Turn   | Place    | Note
-------+----------+-------------------------------------------
     0 | D:1      | letownia2 the Demonspawn Transmuter began the quest for the Orb.
     0 | D:1      | Reached XP level 1. HP: 15/15 MP: 3/3
    27 | D:1      | Reached skill level 3 in Unarmed Combat
    93 | D:1      | Gained mutation: You are partially covered in sharp spines. [demonic ancestry]
    93 | D:1      | Reached XP level 2. HP: 5/21 MP: 3/5
   321 | D:1      | Learned a level 2 spell: Sticks to Snakes
   435 | D:2      | Gained mutation: You are mostly covered in sharp spines. [demonic ancestry]
   435 | D:2      | Reached XP level 3. HP: 18/26 MP: 4/6
   485 | D:2      | Learned a level 3 spell: Spider Form
   631 | D:3      | Reached skill level 4 in Unarmed Combat
   658 | D:2      | Reached XP level 4. HP: 9/32 MP: 0/7
   666 | D:2      | Found a basalt altar of Yredelemnul.
   668 | D:2      | Found a glowing silver altar of Zin.
   671 | D:2      | Found a stormy altar of Qazlal.
   918 | D:2      | Found a faded altar of an unknown god.
  1270 | D:3      | Reached skill level 5 in Unarmed Combat
  1270 | D:3      | Gained mutation: You are completely covered in sharp spines. [demonic ancestry]
  1270 | D:3      | Reached XP level 5. HP: 32/37 MP: 8/8
  1556 | D:5      | Entered Level 5 of the Dungeon
  1556 | D:5      | Noticed a centaur
  1567 | D:4      | Killed a centaur
  1567 | D:4      | Reached skill level 6 in Unarmed Combat
  1567 | D:4      | Gained mutation: You have large cloven feet. [demonic ancestry]
  1567 | D:4      | Reached XP level 6. HP: 25/43 MP: 9/9
  1576 | D:4      | Learned a level 3 spell: Mephitic Cloud
  1613 | D:5      | Got a glittering silver amulet
  1615 | D:5      | Identified the amulet "Cuem" {Reflect +Fly rN+ SH+5} (You found it on level 5 of the Dungeon)
  1734 | D:5      | Reached skill level 1 in Armour
  1845 | D:4      | Noticed Dowan
  1855 | D:5      | Found a sand-covered staircase.
  1870 | Ossuary  | Entered an ossuary
  1914 | Ossuary  | Reached skill level 1 in Conjurations
  1914 | Ossuary  | Reached XP level 7. HP: 45/50 MP: 10/10
  2232 | Ossuary  | Reached skill level 7 in Unarmed Combat
  2739 | D:4      | Killed Dowan
  2780 | D:4      | Noticed Duvessa
  2793 | D:4      | Slain by Duvessa

Skill      XL: |  1  2  3  4  5  6  7 |
---------------+----------------------+-----
Unarmed Combat | 3 4 5 6 7 |  7.3
Dodging        | 2 |  2.0
Transmutations | 2 |  2.6
Armour         | 1 2 |  2.7
Fighting       | 2 |  2.2
Conjurations   | 1 |  1.5
Spellcasting   | |  2.3
Air Magic      | |  0.4
Poison Magic   | |  0.4

Action                   |  1- 3 |  4- 6 |  7- 9 || total
-------------------------+-------+-------+-------++-------
Melee: Unarmed           |    73 |   131 |   100 ||   304
       Headbutt          |     7 |     3 |    11 ||    21
       Kick              |     3 |    26 |    34 ||    63
       Punch             |       |     1 |     7 ||     8
 Cast: Beastly Appendage |    17 |     6 |    10 ||    33
       Sticks to Snakes  |     1 |     1 |     1 ||     3
  Use: Potion            |       |     2 |     2 ||     4
       Scroll            |       |     2 |       ||     2
 Stab: Distracted        |       |       |     1 ||     1
  Eat: Chunk             |       |    11 |       ||    11
Armor: Robe              |     4 |       |       ||     4
       Ring mail         |    13 |    16 |       ||    29
       Scale mail        |       |     8 |    15 ||    23
Dodge: Dodged            |    40 |    43 |    11 ||    94
Block: Other             |       |    14 |    20 ||    34
